 Dungeon Crawl Stone Soup version 0.20-a0-658-g02b20f4 (webtiles) character file.

701 Greenblue the Insei (level 7, -1/52 HPs)
             Began as a Purple Draconian Transmuter on Feb 17, 2017.
             Killed by divine providence
             ... invoked by an orc priest
              (12 damage)
             ... on level 6 of the Dungeon.
             The game lasted 00:13:07 (6078 turns).

Greenblue the Insei (Purple Draconian Transmuter)   Turns: 6078, Time: 00:13:07

Health: -1/52      AC:  8    Str: 12    XL:     7   Next: 38%
Magic:  1/10       EV: 12    Int: 15    God:
Gold:   267        SH:  0    Dex: 12    Spells: 4/10 levels left

rFire    . . .     SeeInvis +     - Unarmed
rCold    . . .     Gourm    .   (armour unavailable)
rNeg     . . .     Faith    .   (no shield)
rPois    .         Spirit   .   (helmet restricted)
rElec    .         Reflect  .   j - +0 cloak
rCorr    .         Harm     .   (no gloves)
MR       +....                  t - +0 pair of boots
Stlth    +.........             (no amulet)
Regen    0.2/turn               (no ring)
MPRegen  0.2/turn               (no ring)

@: no status effects
A: breathe power, unfitting armour, see invisible, mutation resistance 1,
cold-blooded, AC +6
a: Breathe Dispelling Energy


You were on level 6 of the Dungeon.
You were very hungry.

You visited 1 branch of the dungeon, and saw 6 of its levels.

You collected 267 gold pieces.

Inventory:

Hand Weapons
 d - a +2 quarterstaff of chaos
 f - a +2 antimagic whip
Missiles
 a - 24 arrows
Armour
 j - a +0 cloak (worn)
 t - a +0 pair of boots (worn)
Jewellery
 o - an uncursed ring of ice
Scrolls
 e - 3 scrolls of identify
 l - 5 scrolls of teleportation {unknown}
 m - 2 scrolls of fog {unknown}
 n - 2 scrolls of remove curse {unknown}
 s - a scroll of enchant armour {unknown}
 u - a scroll of fear {unknown}
 w - a scroll of magic mapping {unknown}
 y - a scroll of noise {unknown}
Potions
 g - 2 potions of curing
 h - 2 potions of invisibility {unknown}
 i - a potion of haste {unknown}
 p - a potion of lignification {unknown}
 r - a potion of magic {unknown}
 v - 3 potions of brilliance {unknown}
 x - a potion of flight {unknown}
 z - a potion of ambrosia {unknown}
 A - a potion of berserk rage {unknown}
Books
 b - a book of Changes

   Spells                             Type                      Level
   a - Beastly Appendage              Transmutation                1
   b - Sticks to Snakes               Transmutation                2
   c - Spider Form                    Transmutation/Poison         3
   d - Ice Form                       Ice/Transmutation            4
   e - Blade Hands                    Transmutation                5
Comestibles
 c - 3 bread rations
 k - 2 meat rations
 q - 2 fruits


   Skills:
 - Level 1.1 Fighting
 - Level 1.7 Dodging
 + Level 6.8 Unarmed Combat
 - Level 2.4 Spellcasting
 - Level 5.4 Transmutations
 - Level 1.2 Poison Magic


You had 4 spell levels left.
You knew the following spells:

 Your Spells              Type           Power        Failure   Level  Hunger
a - Beastly Appendage     Tmut           ###...       1%          1    #......
b - Sticks to Snakes      Tmut           ###.....     3%          2    ###....
c - Spider Form           Tmut/Pois      ##........   21%         3    ###....


Dungeon Overview and Level Annotations

Branches:
Dungeon (6/15)
 Temple: D:4-7

Altars:
Ashenzari
Elyvilon
Nemelex Xobeh
Okawaru
Uskayaw
Vehumet
Zin

Annotations:
D:2 Sigmund
D:4 Grinder
D:5 Menkaure


Innate Abilities, Weirdness & Mutations

You can breathe bolts of dispelling energy.
Your rich purple scales are hard. (AC +6)
You cannot fit into any form of body armour.
You are cold-blooded and may be slowed by cold attacks.
You have supernaturally acute eyesight. (SInv)
You are somewhat resistant to further mutation.


Message History

Your ball python bites the orc priest but does no damage.
Your ball python barely misses the orc priest.
The orc priest hits your ball python with a short sword.
Your ball python dies!
The orc priest shouts!
You feel better.
An ogre comes into view. It is wielding a giant club.
The ogre shouts!
The orc priest mumbles some strange prayers to Beogh against you.
Beogh smites you!
* * * LOW HITPOINT WARNING * * *
Casting: Sticks to Snakes
Confirm with . or Enter, or press ? or * to list all spells.
You create a snake!
You now have 24 arrows.
The orc priest mumbles some strange prayers to Beogh against you.
Pain shoots through your body!
* * * LOW HITPOINT WARNING * * *
The orc priest invokes the aid of Beogh against you.
Beogh smites you!
You die...

)†. .....# ##.#
#...# #..# #.<.# .#
#..#####S..# ...#
##).#...oo).##
..#..#....o#####..#
...........# #..##
...####....# #...#
o #....#####@#.###
#....o.o...S...#
####.####..O...?...
#.)##............
#...#.)..........
#.#..............
..##......$[.....
.................
..##.#..........


You could see an ogre, 2 orc priests and a friendly ball python.

Vanquished Creatures
  A phantom (D:6)
  A crimson imp (D:5)
  A hound (D:4)
  2 orc wizards (D:4)
  Crazy Yiuf (D:3)
  An orc priest (D:4)
  Jessica (D:3)
  2 iguanas
  5 worker ants
  4 adders
  2 oozes
  2 worms
  7 leopard geckos
  13 orcs
  5 bats
  3 giant cockroaches
  5 goblins
  9 hobgoblins
  4 jackals
  3 quokkas
  2 frilled lizards
  7 kobolds
  7 rats
88 creatures vanquished.

Vanquished Creatures (collateral kills)
  2 ogres
  A hound (D:6)
  An orc wizard (D:4)
  A worker ant zombie (D:6)
  3 orcs
  A quokka (D:6)
9 creatures vanquished.

Grand Total: 97 creatures vanquished

Notes
Turn   | Place    | Note
-------+----------+-------------------------------------------
     0 | D:1      | Greenblue the Draconian Transmuter began the quest for the Orb.
     0 | D:1      | Reached XP level 1. HP: 16/16 MP: 3/3
   183 | D:1      | Reached XP level 2. HP: 23/23 MP: 5/5
   189 | D:1      | Learned a level 2 spell: Sticks to Snakes
   443 | D:1      | Reached skill level 4 in Unarmed Combat
   459 | D:1      | HP: 1/23 [kobold/short sword of holy wrath (2)]
   806 | D:1      | Reached XP level 3. HP: 28/28 MP: 2/6
  1479 | D:2      | Found a radiant altar of Vehumet.
  1848 | D:2      | Noticed Sigmund
  2401 | D:3      | Gained mutation: Scrolls take you a little longer to read. [potion of mutation]
  2401 | D:3      | Gained mutation: You passively map a small area around you. [potion of mutation]
  2401 | D:3      | Lost mutation: Scrolls take you a little longer to read. [potion of mutation]
  2426 | D:3      | Found a runed door.
  2546 | D:3      | Noticed Jessica
  2566 | D:3      | Killed Jessica
  2566 | D:3      | Reached skill level 5 in Unarmed Combat
  2566 | D:3      | Reached XP level 4. HP: 31/35 MP: 1/7
  3332 | D:3      | Noticed Crazy Yiuf
  3355 | D:3      | Killed Crazy Yiuf
  3523 | D:4      | Reached skill level 6 in Unarmed Combat
  3523 | D:4      | Reached XP level 5. HP: 32/40 MP: 6/8
  3528 | D:4      | Learned a level 3 spell: Spider Form
  3550 | D:4      | Noticed Grinder
  3707 | D:4      | Reached skill level 1 in Poison Magic
  4240 | D:4      | Reached XP level 6. HP: 40/47 MP: 9/9
  4521 | D:4      | Lost mutation: You passively map a small area around you. [potion of mutation]
  4521 | D:4      | Gained mutation: You have supernaturally acute eyesight. (SInv) [potion of mutation]
  4521 | D:4      | Gained mutation: You are somewhat resistant to further mutation. [potion of mutation]
  4699 | D:4      | Found a shattered altar of Ashenzari.
  4699 | D:4      | Found a hide-covered altar of Uskayaw.
  4704 | D:4      | Found an iron altar of Okawaru.
  4706 | D:4      | Found a white marble altar of Elyvilon.
  4707 | D:4      | Found a sparkling altar of Nemelex Xobeh.
  4787 | D:5      | Entered Level 5 of the Dungeon
  5058 | D:5      | Noticed Menkaure
  5396 | D:5      | Reached skill level 5 in Transmutations
  5522 | D:4      | Your scales start taking on a rich purple colour.
  5522 | D:4      | Reached XP level 7. HP: 34/52 MP: 8/10
  5690 | D:5      | Found a glowing silver altar of Zin.
  6078 | D:6      | Killed from afar by an orc priest

Vault maps used:
D:1:      lemuel_arrival_rhombus, kennysheep_pointless_box, serial_park_tiny_2,
          serial_bayou_ford_a
D:2:      fiery_altar_vehumet, first_bread, uniq_sigmund
D:3:      kennysheep_jessica_study, uniq_crazy_yiuf_cottage
D:4:      chequers_temple_overflow_minitemple, kennysheep_generic_room_13,
          uniq_grinder
D:5:      kennysheep_mini, minmay_temple_entry_mist, uniq_eustachio,
          uniq_menkaure, uniq_edmund
D:6:      kennysheep_mini_moat, minivault_24

Skill      XL: |  1  2  3  4  5  6 |
---------------+-------------------+-----
Unarmed Combat | 4 5 6 |  6.8
Poison Magic   | 1 |  1.2
Transmutations | 3 5 |  5.4
Fighting       | |  1.1
Dodging        | |  1.7
Spellcasting   | |  2.4

Action                   |  1- 3 |  4- 6 |  7- 9 || total
-------------------------+-------+-------+-------++-------
Melee: Unarmed           |    32 |   155 |    40 ||   227
       Tailslap          |    15 |    21 |     7 ||    43
       Headbutt          |     6 |     5 |       ||    11
       Punch             |     1 |     4 |     1 ||     6
       Whip              |   153 |    26 |       ||   179
 Cast: Beastly Appendage |     3 |     7 |       ||    10
       Sticks to Snakes  |     1 |    26 |    22 ||    49
 Abil: Breathe Dispellin |       |       |     9 ||     9
  Use: Scroll            |     2 |       |       ||     2
       Potion            |     1 |     1 |     4 ||     6
 Stab: Distracted        |       |     1 |       ||     1
  Eat: Chunk             |     5 |    10 |     4 ||    19
       Fruit             |       |     1 |     1 ||     2
Armor: Skin              |    77 |    35 |     9 ||   121
Dodge: Dodged            |   117 |   111 |    20 ||   248
